 Dungeon Crawl Stone Soup version 0.29-a0-620-g13ace881f2 (webtiles) character file.

Game seed: 3696458680993791589

4340 Patoropollo the Blocker (level 10, -15/97 HPs)
             Began as a Gargoyle Fighter on June 19, 2022.
             Demolished by a large slime creature (18 damage)
             ... on level 8 of the Dungeon.
             The game lasted 00:19:37 (9438 turns).

Patoropollo the Blocker (Gargoyle Fighter)          Turns: 9438, Time: 00:19:38

Health: -15/97     AC: 25    Str: 24    XL:     10   Next: 33%
Magic:  0/10       EV:  2    Int:  9    God:
Gold:   417        SH:  5    Dex:  9    Spells: 9/9 levels left

rFire   + . .      SeeInvis .   j - +4 eveningstar (drain)
rCold   . . .      Faith    .   c - +0 buckler
rNeg    + . .      Spirit   +   (body armour currently unavailable)
rPois   ∞          Reflect  .   (helmet currently unavailable)
rElec   .          Harm     .   (cloak currently unavailable)
rCorr   .          Rampage  .   (gloves currently unavailable)
Will    .....      NoTele   +   (boots currently unavailable)
Stlth   +.........              g - amulet of guardian spirit
HPRegen 0.26/turn               B - +4 ring of evasion
MPRegen 0.12/turn               w - ring of protection from fire

@: tree-form, studying Staves
A: stationary, stasis, torment immunity, boosted hp, sickness immunity, AC +7,
negative energy resistance 1, (electricity resistance), torment resistance 1,
petrification resistance, (iridescent scales 1)
a: no special abilities


You were on level 8 of the Dungeon.
You were a tree.
You visited 1 branch of the dungeon, and saw 8 of its levels.
You also visited: Sewer and Ossuary.

You collected 417 gold pieces.

Inventory:

Hand Weapons
 j - a +4 eveningstar of draining (weapon)
Missiles
 o - 2 throwing nets (quivered)
Armour
 c - a +0 buckler (worn)
 h - a +1 cloak (melded)
 x - a +0 pair of boots (melded)
 C - a +2 pair of gloves (melded)
 E - a +0 plate armour (melded)
Jewellery
 g - an amulet of guardian spirit (around neck)
 p - a ring of ice
 r - a ring of flight
 w - a ring of protection from fire (right branch)
 B - a +4 ring of evasion (left branch)
Wands
 d - a wand of polymorph (2)
 q - a wand of iceblast (4)
 t - a wand of mindburst (16)
 u - a wand of flame (49)
 A - a wand of digging (2)
Scrolls
 k - 4 scrolls of fog
 m - 3 scrolls of teleportation
 n - a scroll of immolation
 s - a scroll of fear
 v - a scroll of poison
 y - 3 scrolls of identify
 D - a scroll of amnesia
Potions
 a - a potion of brilliance
 b - 5 potions of curing
 e - a potion of lignification
 f - 2 potions of ambrosia
 i - 3 potions of mutation
 l - 2 potions of magic
 z - a potion of heal wounds


   Skills:
 + Level 8.8 Fighting
 + Level 7.6 Maces & Flails
 + Level 8.7 Armour
 + Level 8.8 Shields


You had 9 spell levels left.
You didn't know any spells.
Your spell library contained the following spells:

 Spells                   Type           Power      Damage    Failure   Level
 Ozocubu's Armour         Ice            0%         N/A       83%         3
 Animate Dead             Necr           0%         N/A       99%         4
 Borgnjor's Vile Clutch   Necr/Erth      0%         N/A       100%        5
 Death Channel            Necr           0%         N/A       100%        6
 Ozocubu's Refrigeration  Ice            0%         4d5       100%        7


Dungeon Overview and Level Annotations

Branches:
Dungeon (8/15)             Temple (0/1) D:4           Sewer (visited)
Ossuary (visited)
   Lair: D:8-11

Altars:
Hepliaklqana
Kikubaaqudgha
Makhleb
Sif Muna
Trog
Zin


Innate Abilities, Weirdness & Mutations

You are a tree.
Your roots penetrate the ground, keeping you stationary.
You cannot be teleported.
You are immune to unholy pain and torment.
Your maximum health is greatly increased.
Your equipment is partially melded.
You are immune to sickness and miasma.
((Your stone body is resilient. (AC +7)))
You are immune to poison.
You resist negative energy. (rN+)
((You are resistant to electric shocks. (rElec)))
You are resistant to unholy torment.
You are immune to petrification.
((You are partially covered in iridescent scales. (AC +2)))


Message History

You barely miss the jelly.
The jelly is almost dead.
The jelly hits you but does no damage.
You sock the jelly!
You kill the jelly!
Two slime creatures merge to form a large slime creature.
You completely miss the large slime creature.
The large slime creature is moderately wounded.
You impale the large slime creature!!
The large slime creature is heavily wounded.
The large slime creature hits you!!
You sock the large slime creature!
The large slime creature is heavily wounded.
You block the large slime creature's attack.
You hit the large slime creature.
The large slime creature is heavily wounded.
The large slime creature closely misses you.
You sock the large slime creature!
The large slime creature is severely wounded.
The large slime creature hits you!!
* * * LOW HITPOINT WARNING * * *
You are too injured to fight recklessly!
Really quaff the potion of lignification?
You turn into a tree.
Your +1 cloak melds into your body.
Your +2 pair of gloves melds into your body.
Your +0 pair of boots melds into your body.
Your +0 plate armour melds into your body.
Your roots penetrate the ground.
The large slime creature hits you!
* * * LOW HITPOINT WARNING * * *
You hit the large slime creature.
The large slime creature is severely wounded.
The large slime creature hits you.
* * * LOW HITPOINT WARNING * * *
You hit the large slime creature.
The large slime creature is severely wounded.
The large slime creature hits you but does no damage. x2
You impale the large slime creature!! You drain the large slime creature.
The large slime creature is almost dead.
The large slime creature hits you!!
You die...

##..## #...# #.).# #...##
#....## ####### #.#(>..
#...÷÷.########## #.#.###
#....÷.J##......####.....
#......#♣#.......##..####
#......#.#.......)').#
#.....÷#.#.(.....))).#
#......#)#'#......'.##
#......#.#.#.....##.#
#÷.....#.#.#....#####
#).....##.####### ###


You could see a large slime creature (drained).

Vanquished Creatures
  Pikel (D:4)
  A steam dragon (D:8)
  Duvessa (D:5)
  4 water moccasins
  2 orc warriors
  A black bear (D:8)
  3 ice beasts
  3 centaurs
  3 phantoms (D:5)
  2 bullfrogs (D:8)
  3 kobold brigands (D:8)
  2 necrophages
  2 scorpions (D:5)
  5 wights (D:7)
  Dowan (D:5)
  A crimson imp (D:8)
  A centaur zombie (Ossuary)
  3 hounds
  7 jellies
  3 orc priests
  3 gnoll shamans
  Jessica (D:3)
  2 iguanas
  Terence (D:3)
  4 orc wizards
  A hell rat (Sewer)
  2 mummies (Ossuary)
  19 gnolls
  6 adders
  3 river rats
  2 white imps
  2 ufetubi
  An adder zombie (Ossuary)
  5 worms
  4 dart slugs
  42 orcs
  10 endoplasms
  3 giant cockroaches
  10 goblins
  5 hobgoblins
  4 jackals
  20 kobolds
  6 quokkas
  7 ball pythons
  4 bats
  6 frilled lizards
  8 hobgoblin zombies (Ossuary)
  4 jackal zombies (Ossuary)
  12 kobold zombies (Ossuary)
  9 orc zombies (Ossuary)
  11 rats
  2 rat zombies (Ossuary)
268 creatures vanquished.

Vanquished Creatures (others)
  An orc (D:8)
  29 fungi
  A plant (D:8)
  9 toadstools (D:8)
40 creatures vanquished.

Grand Total: 308 creatures vanquished

Notes
Turn   | Place    | Note
-------+----------+-------------------------------------------
     0 | D:1      | Patoropollo the Gargoyle Fighter began the quest for the
                  | Orb.
     0 | D:1      | Reached XP level 1. HP: 14/14 MP: 1/1
   115 | D:1      | Reached XP level 2. HP: 19/19 MP: 2/2
   509 | D:1      | Reached XP level 3. HP: 23/23 MP: 3/3
  1455 | D:2      | Reached XP level 4. HP: 2/29 MP: 4/4
  1462 | D:2      | HP: 1/29 [gnoll/+0 spear (2)]
  2455 | D:2      | Reached XP level 5. HP: 33/33 MP: 5/5
  3205 | D:3      | Noticed Terence
  3216 | D:3      | Killed Terence
  3220 | D:3      | Noticed a centaur
  3223 | D:3      | Noticed Jessica
  3240 | D:3      | Killed a centaur
  3241 | D:3      | Reached XP level 6. HP: 11/39 MP: 6/6
  3372 | D:3      | Killed Jessica
  4200 | D:4      | Identified a scroll of acquirement
  4200 | D:4      | Acquired a +2 eveningstar of draining
  4242 | D:4      | Found a staircase to the Ecumenical Temple.
  4311 | D:4      | Found a glowing drain.
  4323 | Sewer    | Entered a sewer
  4539 | D:4      | Found a sand-covered staircase.
  4544 | Ossuary  | Entered an ossuary
  4670 | Ossuary  | Reached skill level 5 in Shields
  4900 | Ossuary  | Reached skill level 5 in Fighting
  4900 | Ossuary  | Reached skill level 5 in Armour
  4900 | Ossuary  | Reached XP level 7. HP: 38/44 MP: 7/7
  5349 | D:4      | Noticed Pikel
  5359 | D:4      | Killed Pikel
  5360 | D:4      | Reached XP level 8. HP: 31/51 MP: 8/8
  5624 | D:4      | Found a glowing silver altar of Zin.
  5969 | D:5      | Entered Level 5 of the Dungeon
  5983 | D:5      | Reached skill level 5 in Maces & Flails
  5998 | D:5      | Noticed Duvessa
  6050 | D:5      | Noticed Dowan
  6058 | D:5      | Killed Duvessa
  6063 | D:5      | Killed Dowan
  6368 | D:5      | Gained mutation: You are weak. (Str -2) [potion of
                  | mutation]
  6368 | D:5      | Gained mutation: You are frail. (-10% HP) [potion of
                  | mutation]
  6368 | D:5      | Gained mutation: You are partially covered in iridescent
                  | scales. (AC +2) [potion of mutation]
  6369 | D:5      | Lost mutation: You are partially covered in iridescent
                  | scales. (AC +2) [potion of mutation]
  6369 | D:5      | Lost mutation: You are frail. (-10% HP) [potion of
                  | mutation]
  6369 | D:5      | Gained mutation: You have large cloven feet. [potion of
                  | mutation]
  6370 | D:5      | Lost mutation: You are weak. (Str -2) [potion of mutation]
  6370 | D:5      | Lost mutation: You have large cloven feet. [potion of
                  | mutation]
  6370 | D:5      | Gained mutation: You are partially covered in iridescent
                  | scales. (AC +2) [potion of mutation]
  6554 | D:5      | Reached XP level 9. HP: 56/57 MP: 9/9
  6813 | D:5      | Found a shimmering blue altar of Sif Muna.
  6813 | D:5      | Identified the +9 ring mail of Ubeaxell {+Blink rN++ Dex-4}
  6988 | D:5      | Found an ancient bone altar of Kikubaaqudgha.
  8328 | D:7      | Found a bloodstained altar of Trog.
  8431 | D:7      | Reached XP level 10. HP: 64/64 MP: 10/10
  8953 | D:8      | Found a hazy altar of Hepliaklqana.
  9278 | D:8      | Found a burning altar of Makhleb.
  9436 | D:8      | HP: 2/97 [large slime creature (6)]
  9438 | D:8      | Demolished by a large slime creature

Illustrated notes

Levels and vault maps discovered:
D:1:      sevenhm_arrival_forest_fort_large_1, layout_loops_ring,
          palyth_stone_intersect, chequers_decorated_corner
D:2:      layout_loops_ring, dk_vineyard_3, kennysheep_potato
D:3:      cheibrodos_helix_gallery, layout_loops_ring, uniq_terence,
          uniq_jessica
D:4:      layout_loops_corners, lemuel_tele_altar, temple_fountains,
          portal_sewer_entry_e, lightli_ossuary_entry_decrepit_ruins, uniq_pikel
D:5:      layout_rooms, mainiacjoe_overflow_catwalk,
          mainiacjoe_overflow_cross_hatched, minmay_misc_feat_five, st_stairs_1,
          kennysheep_generic_room_11, uniq_duvessa
D:6:      layout_basic, minmay_misc_feat_x
D:7:      layout_basic, mainiacjoe_overflow_paths
D:8:      cheibrodos_fertilizer, layout_basic, makhleb_grotto_becter,
          nicolae_hepliaklqana_hazy_memory, hangedman_decor_clover_reticule

Skill      XL: |  1  2  3  4  5  6  7  8  9 |
---------------+----------------------------+-----
Shields        | 4 5 6 7 8 |  8.8
Fighting       | 4 5 6 7 8 |  8.8
Armour         | 4 5 6 8 |  8.7
Maces & Flails | 3 4 5 7 |  7.6

Action                   |  1- 3 |  4- 6 |  7- 9 | 10-12 || total
-------------------------+-------+-------+-------+-------++-------
Melee: Flail             |   143 |   235 |       |       ||   378
       Eveningstar       |       |   107 |   290 |   106 ||   503
  Use: Potion            |       |     1 |     6 |     1 ||     8
       Scroll            |       |    11 |     7 |       ||    18
Armor: Scale mail        |    67 |   122 |       |       ||   189
       Chain mail        |       |   114 |   169 |       ||   283
       Plate armour      |       |       |     4 |    82 ||    86
       Skin              |       |       |       |     2 ||     2
Dodge: Dodged            |    64 |   173 |   112 |    53 ||   402
Block: Buckler           |    31 |   107 |    80 |    24 ||   242

Table legend: (Time is in decaauts)
 A = Elapsed time spent in this place.
 B = Non-inter-level travel time spent in this place.
 C = Inter-level travel time spent in this place.
 D = Time resting spent in this place.
 E = Time spent auto-exploring this place.
 F = Levels seen in this place.
 G = Mean time per level.
                   A        B        C        D        E       F      G
               +--------+--------+--------+--------+--------+-----+--------+
         Total |   9695 |   9468 |    227 |      0 |   7376 |  10 |  969.5 |
       Dungeon |   9031 |   8804 |    227 |      0 |   6944 |   8 | 1128.9 |
         Sewer |    183 |    183 |      0 |      0 |    127 |   1 |  183.0 |
       Ossuary |    480 |    480 |      0 |      0 |    304 |   1 |  480.0 |
               +--------+--------+--------+--------+--------+-----+--------+

Top non-repeatable levels by time:
     D:1: 1828 daAuts
     D:2: 1367 daAuts
     D:4: 1175 daAuts
     D:5: 1171 daAuts
     D:3: 1120 daAuts
     D:6: 1032 daAuts
     D:7: 706 daAuts
     D:8: 628 daAuts
 Ossuary: 480 daAuts
   Sewer: 183 daAuts
